 Dungeon Crawl Stone Soup version 0.31-a0-460-g9e667d4245 (webtiles) character file.

Game seed: 131753989728254896

91182 jasper the Marksspriggan (level 15, -20/84 HPs)
             Began as a Spriggan Shapeshifter on Aug 3, 2023.
             Was the Champion of Okawaru.
             Killed from afar by a fire dragon (76 damage)
             ... with a blast of flame
             ... on level 14 of the Dungeon on Aug 4, 2023.
             The game lasted 00:45:18 (18035 turns).

jasper the Marksspriggan (Spriggan Shapeshifter)   Turns: 18035, Time: 00:45:19

Health: -20/84     AC:  7    Str:  7    XL:     15   Next: 54%
Magic:  0/7        EV: 40    Int: 12    God:    Okawaru [******]
Gold:   2473       SH:  0    Dex: 21    Spells: 0/14 levels left

rFire   x . .        F - +8 orcbow of Bloody Death {antimagic, Fly rCorr}
rCold   . . .        (shield currently unavailable)
rNeg    + + .        X - +1 robe "Exauset" {rCorr Str-4 Slay+6}
rPois   .            (helmet currently unavailable)
rElec   .            (cloak currently unavailable)
rCorr   +            (gloves unavailable)
SInv    +            (boots unavailable)
Will    +++++        m - amulet of the acrobat
Stlth   +++++        C - +5 ring of evasion
HPRegen 0.34/turn    x - ring of the Wizarding Saviour {*Slow rF- rN++ Will+++ AC+4}
MPRegen 0.10/turn

%: slow self (1%), acrobat
@: beast-form, heroic, finesse-ful, flying, very quick
A: beast (slay +7), very small, no large weapons, unfitting armour, see
invisible, speed 3
a: Begin Untransformation, Renounce Religion, Heroism, Finesse, Duel


You were on level 14 of the Dungeon.
You worshipped Okawaru.
Okawaru was exalted by your worship.
You were a hulking beast.
You visited 3 branches of the dungeon, and saw 21 of its levels.
You also visited: Sewer, Ossuary, Bailey and Gauntlet.

You collected 2888 gold pieces.
You spent 415 gold pieces at shops.

Inventory:

Hand Weapons
 F - the +8 orcbow of Bloody Death (weapon) {antimagic, Fly rCorr}
   (You found it on level 6 of the Dungeon)

   Fly:       It grants you flight.
   rCorr:     It protects you from acid and corrosion.
 Z - a +0 arbalest
Missiles
 h - 2 throwing nets
 l - 13 datura-tipped darts
 A - 10 curare-tipped darts
 H - 16 boomerangs
Armour
 a - +3 acid dragon scales
 N - the +2 hat of Focus {+Inv Str+5}
   (You acquired it on level 9 of the Dungeon)

   Str:       It affects your strength (+5).
   +Inv:      It lets you turn invisible.
 R - the +3 hat of Darkness {rElec Will+++ Str-3}
   (Okawaru gifted it to you on level 9 of the Dungeon)

   Str:       It affects your strength (-3).
   rElec:     It insulates you from electricity.
   Will:      It greatly increases your willpower.
 U - a +0 cloak
 X - the +1 robe "Exauset" (worn) {rCorr Str-4 Slay+6}
   (Okawaru gifted it to you on level 2 of the Orcish Mines)

   Str:       It affects your strength (-4).
   Slay:      It affects your accuracy & damage with ranged weapons and melee
   (+6).
   rCorr:     It protects you from acid and corrosion.
Jewellery
 d - a +6 ring of intelligence
 m - an amulet of the acrobat (around neck)
 x - the ring of the Wizarding Saviour (right hand) {*Slow rF- rN++ Will+++ AC+4}
   (You found it on level 5 of the Dungeon)

   [ring of protection]

   AC:        It affects your AC (+4).
   rF:        It makes you vulnerable to fire.
   rN:        It greatly protects you from negative energy.
   *Slow:     It may slow you when you take damage.
   Will:      It greatly increases your willpower.
 y - a ring of flight
 B - a ring of ice
 C - a +5 ring of evasion (left hand)
 D - an amulet of magic regeneration
 E - a +6 ring of intelligence
Talismans
 c - a beast talisman (active)
 n - a serpent talisman
Wands
 s - a wand of polymorph (12)
 t - a wand of flame (65)
 I - a wand of paralysis (21)
 L - a wand of mindburst (25)
 S - a wand of quicksilver (10)
Scrolls
 o - 2 scrolls of fear
 q - 16 scrolls of teleportation
 r - 3 scrolls of blinking
 z - a scroll of vulnerability
 G - 2 scrolls of enchant weapon
 J - 2 scrolls of fog
 K - 4 scrolls of revelation
 O - 4 scrolls of brand weapon
 T - 4 scrolls of silence
 W - 3 scrolls of immolation
Potions
 b - 7 potions of lignification
 e - a potion of berserk rage
 f - 8 potions of haste
 g - 12 potions of curing
 i - a potion of enlightenment
 j - 4 potions of resistance
 k - 2 potions of degeneration
 p - 9 potions of ambrosia
 u - 3 potions of attraction
 v - 4 potions of invisibility
 w - 3 potions of cancellation
 M - 4 potions of might
 P - 5 potions of heal wounds {unknown}
 Q - 4 potions of brilliance {unknown}
 Y - a potion of mutation {unknown}
Miscellaneous
 V - a condenser vane


   Skills:
 - Level 12.0(17.0) Fighting
 - Level 16.0(21.0) Ranged Weapons
 - Level 14.1(19.1) Dodging
 - Level 5.0(10.0) Stealth
 - Level 2.4(7.4) Unarmed Combat
 + Level 10.1 Hexes
 - Level 6.0 Translocations
 - Level 8.0 Invocations
 - Level 5.0 Evocations
 - Level 10.0 Shapeshifting


You couldn't memorise any spells.
You knew the following spells:

 Your Spells              Type           Power      Damage    Failure   Level
a - Portal Projectile     Hex/Tloc       38%        N/A       3%          3
b - Apportation           Tloc           28%        N/A       2%          1
c - Blink                 Tloc           28%        N/A       4%          2
d - Discord               Hex            12%        N/A       100%        8

Your spell library contained the following spells:

 Spells                   Type           Power      Damage    Failure   Level
 Lesser Beckoning         Tloc           28%        N/A       4%          2
 Cause Fear               Hex            12%        N/A       4%          4
 Gell's Gravitas          Tloc           14%        N/A       9%          3
 Teleport Other           Tloc           14%        N/A       9%          3
 Manifold Assault         Tloc           14%        N/A       26%         4
 Volatile Blastmotes      Fire/Tloc      14%        2d11      28%         3
 Magic Dart               Conj           0%         1d3       32%         1
 Necrotise                Necr           0%         1d4       32%         1
 Sandblast                Erth           0%         2d4       32%         1
 Shock                    Conj/Air       0%         1d3       32%         1
 Sting                    Tmut/Pois      0%         1d3       32%         1
 Anguish                  Hex/Necr       6%         N/A       38%         4
 Fulminant Prism          Conj/Hex       6%         3d7       38%         4
 Passwall                 Tmut/Erth      0%         N/A       45%         2
 Poisonous Vapours        Pois/Air       0%         N/A       45%         2
 Iskenderun's Mystic Bla  Conj/Tloc      7%         2d4       67%         4
 Ignite Poison            Fire/Tmut/Pois 0%         N/A       69%         3
 Mephitic Cloud           Conj/Pois/Air  0%         N/A       69%         3
 Stone Arrow              Conj/Erth      0%         3d7       69%         3
 Swiftness                Air            0%         N/A       69%         3
 Olgreb's Toxic Radiance  Pois           0%         N/A       97%         4
 Enfeeble                 Hex            12%        N/A       99%         7
 Freezing Cloud           Conj/Ice/Air   0%         6-21      100%        5
 Irradiate                Conj/Tmut      0%         3d11      100%        5
 Lee's Rapid Deconstruct  Erth           0%         3d4*      100%        5
 Eringya's Noxious Bog    Tmut/Pois      0%         4d6       100%        6
 Orb of Destruction       Conj           0%         9d5       100%        7
 Ozocubu's Refrigeration  Ice            0%         4d7       100%        7
 Polar Vortex             Ice            0%         N/A       100%        9
 Summon Guardian Golem    Hex/Summ       Unusable   N/A       N/A         3
 Summon Small Mammal      Summ           Unusable   N/A       N/A         1
 Call Imp                 Summ           Unusable   N/A       N/A         2
 Animate Armour           Summ/Erth      Unusable   N/A       N/A         4
 Summon Lightning Spire   Summ/Air       Unusable   N/A       N/A         4
 Simulacrum               Ice/Necr       Unusable   N/A       N/A         6
 Spellforged Servitor     Conj/Summ      Unusable   N/A       N/A         7

Dungeon Overview and Level Annotations

Branches:
Dungeon (14/15)            Temple (0/1) D:5            Lair (5/5) D:10
 Shoals (0/4) Lair:2        Snake (0/4) Lair:3        Slime (0/5) Lair:5
    Orc (2/2) D:10            Elf (0/3) Orc:2        Vaults (0/5) D:13
  Sewer (visited)         Ossuary (visited)          Bailey (visited)
Gauntlet (visited)

Altars:
Cheibriados
Dithmenos
Gozag
Hepliaklqana
Kikubaaqudgha
Makhleb
Nemelex Xobeh
Okawaru
Qazlal
Trog
Uskayaw
Vehumet
Xom
Yredelemnul
Jiyva

Shops:
D:1 ((   D:4 [   Orc:1 [[!   Orc:2 ?*!*

Annotations:
D:2 Terence
D:5 2 transporters, hgbash's ghost, novice MfSh
D:7 3 runed translucent doors, Ofeo's ghost, novice DsSh
D:8 2 runed translucent doors
D:9 1 runed translucent door, jasper's ghost, novice SpSh
D:10 2 transporters, arthad's ghost, journeyman GrFE
Lair:5 exclusion: oklob plant
Orc:1 2 runed translucent doors, Pooter's ghost, journeyman MiMo


Innate Abilities, Weirdness & Mutations

You are a hulking beast.
Your limbs bulge with bestial killing power. (Slay +7)
You are very small and have problems with some larger weapons.
You are too small for most types of armour.
You have supernaturally acute eyesight. (SInv)
You cover ground extremely quickly. (Speed+++)


Message History

Aim: a boulder beetle (almost dead, 94% to hit)
You shoot an arrow. The arrow hits the boulder beetle!
You kill the boulder beetle!
Okawaru accepts your kill. Okawaru grants you throwing weapons!
Something appears at your feet!
You can now deal lightning-fast blows.
You now have 0/7 mp.
Fire: F) +8 orcbow of Bloody Death {antimagic, Fly rCorr}
Press: ? - help, Q - select action, (/) - cycle Shift-Dir - straight line, f - fire dragon
Aim: a fire dragon (85% to hit)
You shoot an arrow. The arrow hits the fire dragon!
The fire dragon is lightly wounded.
Fire: F) +8 orcbow of Bloody Death {antimagic, Fly rCorr}
Press: ? - help, Q - select action, (/) - cycle Shift-Dir - straight line, f/p - fire dragon
Aim: a fire dragon (lightly wounded, 85% to hit)
You shoot an arrow. The arrow hits the fire dragon!
The fire dragon is moderately wounded.
The fire dragon misses you. x2; The fire dragon completely misses you.
The tengu conjurer gestures wildly while chanting.
The tengu conjurer blinks!
Fire: F) +8 orcbow of Bloody Death {antimagic, Fly rCorr}
Press: ? - help, Q - select action, (/) - cycle Shift-Dir - straight line, f/p - fire dragon
Aim: a fire dragon (moderately wounded, 85% to hit)
You shoot an arrow. The arrow hits the fire dragon.
The fire dragon is moderately wounded.
Fire: F) +8 orcbow of Bloody Death {antimagic, Fly rCorr}
Press: ? - help, Q - select action, (/) - cycle Shift-Dir - straight line, f/p - fire dragon
Aim: a fire dragon (moderately wounded, 85% to hit)
You shoot an arrow.
The arrow completely misses the fire dragon.
Fire: F) +8 orcbow of Bloody Death {antimagic, Fly rCorr}
Press: ? - help, Q - select action, (/) - cycle Shift-Dir - straight line, f/p - fire dragon
Aim: a fire dragon (moderately wounded, 85% to hit)
You shoot an arrow. The arrow hits the fire dragon!!
The fire dragon is severely wounded.
The fire dragon breathes flames at you. The blast of flame hits you!!!!
The fire burns you terribly!
Ouch! That really hurt!
You die...

.......# #...#
#..........# .......#
#...# #..........#
####...# #...#
#..........# #...#
#...# #...........
#...# #...#
#...........
#..)####...#
#........###
#..........#
#.....####
#..........####
#............h#
#..........##.D§e.)..
#..........#######Q#)
#..........#
#..........#
#..........#
........# ........#


You could see a fire dragon (catching breath), a deep elf pyromancer and a tengu
conjurer.

Vanquished Creatures
  A minotaur (Gauntlet)
  A rakshasa (D:13)
  4 vault guards (D:13)
  A catoblepas (Lair:5)
  7 hydras
  Erica (Orc:1)
  11 two-headed ogres
  3 death yaks (Lair:5)
  A merfolk avatar (Lair:5)
  An ogre mage (D:13)
  5 boulder beetles
  4 centaur warriors
  3 death knights
  An orc high priest (Orc:1)
  Amaemon (D:8)
  2 fire crabs
  A shadow wraith (D:9)
  2 deep trolls (D:9)
  A sea snake (Lair:5)
  Pikel (D:9)
  A harpy (Lair:5)
  3 wizards
  A deep elf pyromancer (D:9)
  A necromancer (D:9)
  6 orc knights
  3 orc sorcerers
  5 manticores
  2 cyclopes
  An ugly thing (D:10)
  6 elephants
  A water nymph (Lair:2)
  2 black mambas (Lair:2)
  A gargoyle (D:13)
  Maggie (D:6)
  16 cane toads
  An orange demon (D:8)
  A yaktaur (D:13)
  2 unseen horrors
  A freezing wraith (D:13)
  4 rime drakes
  A tengu conjurer (D:9)
  7 komodo dragons
  A wind drake (Lair:5)
  6 trolls
  A queen bee (Lair:2)
  A meliai (D:14)
  3 polar bears (Lair:5)
  A hornet (D:9)
  7 blink frogs
  A snapping turtle (Lair:5)
  A jumping spider (shapeshifter) (D:13)
  A ynoxinul (Gauntlet)
  4 shadows
  8 wyverns
  16 slime creatures
  3 fire bats (Gauntlet)
  Eustachio (D:5)
  5 basilisks
  Grum (D:9)
  A human (D:13)
  4 wraiths
  31 yaks
  An unseen horror simulacrum (D:11)
  8 steam dragons
  A vampire mosquito (D:9)
  3 swamp worms (Gauntlet)
  2 wargs
  5 nagas (Lair:3)
  4 acid dragons
  16 water moccasins
  An ice beast (D:6)
  49 orc warriors
  A black bear (Lair:2)
  Pargi (Sewer)
  A sky beast (D:6)
  5 ogres
  23 wolves
  15 centaurs
  2 lemures (D:9)
  A phantom (D:5)
  2 kobold brigands
  15 bullfrogs
  3 scorpions
  3 gnoll sergeants
  7 wights
  36 killer bees
  7 howler monkeys
  A crimson imp (D:12)
  5 hounds
  9 orc priests
  4 jellies
  4 iron imps (Gauntlet)
  3 sleepcaps
  Ijyb (D:4)
  5 hell rats (Lair:5)
  4 iguanas
  21 orc wizards
  3 mummies (Ossuary)
  17 gnolls
  5 adders
  2 shadow imps
  3 white imps
  An ufetubus (D:5)
  2 adder zombies (Ossuary)
  3 worms
  5 dart slugs
  76 orcs
  4 ball pythons
  4 endoplasms
  6 giant cockroaches
  16 goblins
  14 hobgoblins
  4 jackals (D:1)
  A quokka (D:2)
  9 bats
  3 frilled lizards
  A gnoll zombie (Ossuary)
  4 goblin zombies (Ossuary)
  2 hobgoblin zombies (Ossuary)
  15 kobolds
  A kobold zombie (Ossuary)
  5 quokka zombies (Ossuary)
  8 rats
  3 rat zombies (Ossuary)
702 creatures vanquished.

Vanquished Creatures (others)
  2 hell rats (Lair:5)
2 creatures vanquished.

Grand Total: 704 creatures vanquished

Notes
Turn   | Place    | Note
-------+----------+-------------------------------------------
     0 | D:1      | jasper the Spriggan Shapeshifter began the quest for the
                  | Orb.
     0 | D:1      | Reached XP level 1. HP: 9/9 MP: 2/2
   129 | D:1      | Reached skill level 1 in Stealth
   134 | D:1      | You fall into a shaft and drop 1 floor!
   191 | D:2      | Reached skill level 1 in Fighting
   197 | D:2      | Reached XP level 2. HP: 13/14 MP: 3/3
   543 | D:1      | Reached XP level 3. HP: 18/18 MP: 4/4
   775 | D:1      | Found Afuoth's Weapon Boutique.
  1074 | D:1      | Found Guowk's Weapon Emporium.
  1077 | D:1      | Bought 4 datura-tipped darts for 43 gold pieces
  1148 | D:2      | Noticed Terence
  1437 | D:4      | Noticed a scorpion
  1454 | D:4      | Killed a scorpion
  1455 | D:4      | Reached XP level 4. HP: 15/23 MP: 5/5
  1547 | D:4      | Reached XP level 5. HP: 18/26 MP: 6/6
  1601 | D:4      | Found Riqyac's Armour Emporium.
  1667 | D:4      | Reached skill level 5 in Stealth
  1831 | D:4      | Noticed Ijyb
  1833 | D:4      | Killed Ijyb
  1834 | D:4      | Reached skill level 5 in Shapeshifting
  2049 | D:4      | Found a shadowy altar of Dithmenos.
  2056 | D:4      | Found a sparkling altar of Nemelex Xobeh.
  2063 | D:4      | Found a stormy altar of Qazlal.
  2070 | D:4      | Found an ancient bone altar of Kikubaaqudgha.
  2077 | D:4      | Found an iron altar of Okawaru.
  2081 | D:4      | Became a worshipper of Warmaster Okawaru
  2087 | D:4      | Found a radiant altar of Vehumet.
  2093 | D:4      | Found a basalt altar of Yredelemnul.
  2147 | D:5      | Entered Level 5 of the Dungeon
  2195 | D:5      | Reached XP level 6. HP: 32/32 MP: 7/7
  2252 | D:5      | Found a sand-covered staircase.
  2260 | Ossuary  | Entered an ossuary
  2272 | Ossuary  | Reached skill level 5 in Dodging
  2641 | D:5      | Reached XP level 7. HP: 35/35 MP: 8/8
  2662 | D:5      | Found a staircase to the Ecumenical Temple.
  2713 | D:5      | Noticed Eustachio
  2728 | D:5      | Killed Eustachio
  2728 | D:5      | Reached * piety under Okawaru
  2780 | D:5      | Found a glowing drain.
  2786 | D:5      | Identified the ring of the Wizarding Saviour {*Slow rF-
                  | rN++ Will+++ AC+4}
  2798 | Sewer    | Entered a sewer
  2801 | Sewer    | Noticed Pargi
  2818 | Sewer    | Killed Pargi
  3197 | D:5      | Found a transporter.
  3206 | D:5      | Found a transporter.
  3269 | D:5      | Noticed hgbash's ghost (novice MfSh)
  3276 | D:5      | Reached skill level 1 in Invocations
  3504 | D:5      | Reached XP level 8. HP: 42/42 MP: 8/10
  3704 | D:6      | Found a shimmering altar of Xom.
  3746 | D:6      | Noticed Maggie
  3758 | D:6      | Killed Maggie
  3758 | D:6      | Reached ** piety under Okawaru
  4238 | D:6      | Reached *** piety under Okawaru
  4245 | D:6      | Reached skill level 10 in Dodging
  4245 | D:6      | Reached XP level 9. HP: 46/46 MP: 12/12
  4320 | D:6      | Identified the +8 orcbow of Bloody Death {antimagic, Fly
                  | rCorr}
  4642 | D:7      | Reached skill level 5 in Fighting
  5063 | D:7      | Found a snail-covered altar of Cheibriados.
  5254 | D:7      | Found a runed translucent gate.
  5254 | D:7      | Found a runed translucent gate.
  5254 | D:7      | Found a runed translucent gate.
  5257 | D:7      | Noticed Ofeo's ghost (novice DsSh)
  5440 | D:8      | Received a gift from Okawaru
  5496 | D:8      | Found a hazy altar of Hepliaklqana.
  5569 | D:8      | Noticed Amaemon
  5572 | D:8      | Noticed an orange demon
  5582 | D:8      | Killed Amaemon
  5585 | D:8      | Killed an orange demon
  5585 | D:8      | Reached **** piety under Okawaru
  5586 | D:8      | Reached skill level 10 in Shapeshifting
  5622 | D:8      | Found a bloodstained altar of Trog.
  5716 | D:8      | Found a flagged portal.
  5721 | D:8      | Received a gift from Okawaru
  5722 | D:8      | Reached XP level 10. HP: 42/53 MP: 4/13
  5731 | Bailey   | Entered a bailey
  5823 | Bailey   | Reached skill level 1 in Ranged Weapons
  5882 | Bailey   | Reached skill level 2 in Ranged Weapons
  6046 | Bailey   | Reached skill level 3 in Ranged Weapons
  6107 | Bailey   | Noticed an orc warlord
  6224 | Bailey   | Reached skill level 10 in Ranged Weapons
  6224 | Bailey   | Reached XP level 11. HP: 58/58 MP: 4/14
  6707 | D:8      | Found a runed translucent door.
  6714 | D:8      | Found a runed translucent door.
  6969 | D:8      | Found a hide-covered altar of Uskayaw.
  7282 | D:9      | Found a runed translucent door.
  7282 | D:9      | Noticed a skeletal warrior
  7282 | D:9      | Noticed jasper's ghost (novice SpSh)
  7507 | D:9      | Identified 2 scrolls of acquirement
  7507 | D:9      | Acquired 1020 gold pieces
  7509 | D:9      | Acquired the +2 hat of Focus {+Inv Str+5}
  7581 | D:9      | Reached skill level 11 in Ranged Weapons
  7608 | D:9      | Noticed a deep troll
  7630 | D:9      | Killed a deep troll
  7642 | D:9      | Noticed a centaur warrior
  7647 | D:9      | Reached ***** piety under Okawaru
  7647 | D:9      | Noticed a two-headed ogre
  7649 | D:9      | Killed a centaur warrior
  7653 | D:9      | Killed a two-headed ogre
  7653 | D:9      | Received a gift from Okawaru
  7654 | D:9      | Reached skill level 12 in Ranged Weapons
  7756 | D:9      | Noticed a death knight
  7766 | D:9      | Killed a death knight
  7791 | D:9      | Noticed a two-headed ogre
  7827 | D:9      | Identified the +0 robe "Jirehoos" {Dex+3}
  7866 | D:9      | Reached XP level 12. HP: 65/65 MP: 5/15
  7888 | D:9      | Noticed a boulder beetle
  7898 | D:9      | Identified the +4 long sword of Regicide {flame, rPois rF++
                  | Dex+3}
  7900 | D:9      | Noticed a death knight
  7929 | D:9      | Killed a boulder beetle
  7939 | D:9      | Killed a two-headed ogre
  8027 | D:9      | Noticed a six-headed hydra
  8030 | D:9      | Killed a six-headed hydra
  8039 | D:9      | Noticed Grum
  8048 | D:9      | Killed Grum
  8048 | D:9      | Identified the +3 hat of Darkness {rElec Will+++ Str-3}
                  | (Okawaru gifted it to you on level 9 of the Dungeon)
  8048 | D:9      | Received a gift from Okawaru
  8100 | D:9      | Killed a death knight
  8101 | D:9      | Reached skill level 13 in Ranged Weapons
  8152 | D:9      | Noticed a two-headed ogre
  8163 | D:9      | Killed a two-headed ogre
  8266 | D:9      | Noticed Pikel
  8277 | D:9      | Noticed a five-headed hydra
  8282 | D:9      | Noticed a five-headed hydra
  8311 | D:9      | Killed a five-headed hydra
  8348 | D:9      | Killed a five-headed hydra
  8349 | D:9      | Reached skill level 14 in Ranged Weapons
  8371 | D:9      | Killed Pikel
  8380 | D:9      | Noticed a two-headed ogre
  8400 | D:9      | Killed a two-headed ogre
  8501 | D:9      | Noticed a four-headed hydra
  8505 | D:9      | Killed a four-headed hydra
  8887 | D:10     | Entered Level 10 of the Dungeon
  8902 | D:10     | Found an opulent altar of Gozag.
  9017 | D:10     | Reached XP level 13. HP: 56/72 MP: 3/16
  9081 | D:10     | Found a staircase to the Lair.
  9091 | D:10     | Reached skill level 15 in Ranged Weapons
  9174 | D:10     | Found a staircase to the Orcish Mines.
  9204 | D:10     | Reached skill level 10 in Fighting
  9245 | D:10     | Found a transporter.
  9291 | D:10     | Noticed arthad's ghost (journeyman GrFE)
  9292 | D:10     | Found a transporter.
  9293 | D:10     | Identified the +0 dire flail "Varec" {drain, rN+ Will+
                  | Str-3}
  9293 | D:10     | Identified the +1 great mace of the Disturbing Stars
                  | {flame, Will+}
  9351 | D:10     | Reached ****** piety under Okawaru
  9411 | D:10     | Found a burning altar of Makhleb.
  9696 | D:11     | Received a gift from Okawaru
 10089 | D:12     | Found a gate leading to a gauntlet.
 10101 | Gauntlet | Entered a Gauntlet
 10101 | Gauntlet | Found a large runed translucent door.
 10101 | Gauntlet | Found a large runed translucent door.
 10101 | Gauntlet | Found a large runed translucent door.
 10101 | Gauntlet | Found a large runed translucent door.
 10101 | Gauntlet | Found a large runed translucent door.
 10101 | Gauntlet | Found a large runed translucent door.
 10101 | Gauntlet | Found a large runed translucent door.
 10101 | Gauntlet | Found a large runed translucent door.
 10101 | Gauntlet | Found a runed translucent door.
 10101 | Gauntlet | Found a runed translucent gate.
 10101 | Gauntlet | Found a transporter.
 10101 | Gauntlet | Found a transporter.
 10101 | Gauntlet | Found a runed translucent gate.
 10101 | Gauntlet | Found a transporter.
 10101 | Gauntlet | Found a transporter.
 10110 | Gauntlet | Found a transporter.
 10122 | Gauntlet | Found a transporter.
 10136 | Gauntlet | Found a transporter.
 10146 | Gauntlet | Found a transporter.
 10161 | Gauntlet | Found a transporter.
 10167 | Gauntlet | Found a transporter.
 10181 | Gauntlet | Found a transporter.
 10198 | Gauntlet | Found a transporter.
 10204 | Gauntlet | Found a runed translucent gate.
 10205 | Gauntlet | Found a large runed translucent door.
 10205 | Gauntlet | Found a large runed translucent door.
 10206 | Gauntlet | Found a large runed translucent door.
 10207 | Gauntlet | Found a large runed translucent door.
 10208 | Gauntlet | Found a large runed translucent door.
 10208 | Gauntlet | Found a large runed translucent door.
 10208 | Gauntlet | Found a runed translucent door.
 10209 | Gauntlet | Found a large runed translucent door.
 10210 | Gauntlet | Found a large runed translucent door.
 10288 | Gauntlet | Reached skill level 16 in Ranged Weapons
 10320 | Gauntlet | Reached skill level 1 in Evocations
 10586 | Gauntlet | Noticed a minotaur
 10594 | Gauntlet | Killed a minotaur
 10599 | Gauntlet | Found the +8 Vampire's Tooth {megavamp}
 10606 | Gauntlet | Got the Guide on the Different Cumulonimbus
 10611 | Gauntlet | Got the Codex of Interference
 10613 | Gauntlet | Identified the +5 plate armour of Generosity {rF+ Dex+4}
 10630 | Gauntlet | Got the Omnibus of Transfiguration
 11163 | Lair:1   | Entered Level 1 of the Lair of Beasts
 11480 | Lair:1   | You are sucked into a shaft and drop 1 floor!
 11652 | Lair:2   | Reached skill level 5 in Evocations
 11666 | Lair:2   | Found a staircase to the Shoals.
 11670 | Lair:2   | Reached skill level 5 in Invocations
 12249 | Lair:2   | Reached XP level 14. HP: 77/77 MP: 6/19
 12638 | Lair:3   | Upgraded the game from 0.31-a0-455-g1a7b003ef0 to
                  | 0.31-a0-460-g9e667d4245
 12846 | Lair:3   | Found a staircase to the Snake Pit.
 13609 | Lair:4   | Received a gift from Okawaru
 14076 | Lair:5   | Entered Level 5 of the Lair of Beasts
 14778 | Lair:5   | Found a staircase to the Slime Pits.
 14778 | Lair:5   | Found a viscous altar of Jiyva.
 15012 | Lair:5   | Received a gift from Okawaru
 15214 | Lair:5   | Identified the +7 rapier "Roypnarch" {holy, Will+}
 15569 | Orc:1    | Entered Level 1 of the Orcish Mines
 15570 | Orc:1    | Found Edghielle's Distillery.
 15628 | Orc:1    | Learned a level 3 spell: Portal Projectile
 15713 | Orc:1    | Reached skill level 1 in Translocations
 15718 | Orc:1    | Reached skill level 1 in Hexes
 15732 | Orc:1    | Found Xelaset's Antique Armour Shoppe.
 15800 | Orc:2    | Entered Level 2 of the Orcish Mines
 15800 | Orc:2    | Found a staircase to the Elven Halls.
 15920 | Orc:2    | Reached XP level 15. HP: 84/84 MP: 7/22
 15962 | Orc:2    | Identified the +1 robe "Exauset" {rCorr Str-4 Slay+6}
                  | (Okawaru gifted it to you on level 2 of the Orcish Mines)
 15962 | Orc:2    | Received a gift from Okawaru
 16142 | Orc:2    | Found a dark tunnel.
 16216 | Orc:2    | Found Bishreck's Distillery.
 16216 | Orc:2    | Found Riciuzun's General Store.
 16216 | Orc:2    | Found Oharez's Magic Scroll Shoppe.
 16219 | Orc:2    | Found Erathrak's Assorted Antiques.
 16233 | Orc:2    | Bought a fuming ruby potion for 25 gold pieces
 16233 | Orc:2    | Bought a sapphire potion for 25 gold pieces
 16233 | Orc:2    | Bought a scroll of identify for 56 gold pieces
 16233 | Orc:2    | Bought a scroll of silence for 266 gold pieces
 16268 | Orc:2    | Reached skill level 5 in Translocations
 16616 | Orc:1    | Found a transporter.
 16616 | Orc:1    | Found Fock's Armour Emporium.
 16674 | Orc:1    | Found a large runed translucent door.
 16676 | Orc:1    | Found a large runed translucent door.
 16677 | Orc:1    | Noticed Pooter's ghost (journeyman MiMo)
 16698 | Orc:1    | Noticed Erica
 16708 | Orc:1    | Killed Erica
 16713 | Orc:1    | Found a transporter.
 16933 | D:13     | Reached skill level 5 in Hexes
 16981 | D:13     | Learned a level 1 spell: Apportation
 16984 | D:13     | Learned a level 2 spell: Blink
 16993 | D:13     | Learned a level 8 spell: Discord
 17325 | D:13     | Found a gate to the Vaults.
 18024 | D:14     | Reached skill level 10 in Hexes
 18029 | D:14     | Received a gift from Okawaru
 18035 | D:14     | Killed from afar by a fire dragon

Illustrated notes

Levels and vault maps discovered:
D:1:      dpeg_arrival_fog, layout_loops_ring, serial_shops,
          nicolae_shop_tiny_real_fake_doors, shop
D:2:      layout_loops_ring, hangedman_decor_lopped, serial_bayou_lagoon_a,
          uniq_terence
D:3:      layout_loops_ring, shapermc_ecumenical_altar_mp_ritualfount,
          uniq_robin
D:4:      layout_cave_pools, grunt_temple_overflow_octagram, serial_shops, shop,
          uniq_ijyb
D:5:      layout_cave_pools, temple_fountains, gammafunk_ghost_hive,
          cheibrodos_sewer_entry_bend, chequers_ossuary_entry_cave,
          uniq_eustachio
D:6:      minmay_octagon_keep, layout_cave_pods, mainiacjoe_overflow_chevrons,
          uniq_maggie
D:7:      layout_basic, slow_altar_1, gammafunk_ghost_nasty_kobolds
D:8:      lemuel_insect_pit, layout_loops_ring, mainiacjoe_overflow_brackets,
          nicolae_hepliaklqana_hazy_memory, lightli_temple_of_fire,
          enter_bailey_6, uniq_amaemon
D:9:      layout_loops_cross, ebering_ghost_inner_flame, nicolae_rejected_hall,
          uniq_pikel, uniq_grum
D:10:     layout_basic, grunt_gozag_statues, nicolae_overflow_crystal_walls,
          minmay_lair_entry_grove, orc_0_dummy, gammafunk_ghost_smash
D:11:     layout_cross
D:12:     layout_cave_pools, gauntlet_entry_generic, lightli_wizard_tower
D:13:     layout_roguey, grunt_vaults_entry_fortified
D:14:     minmay_spotlight, layout_long_grid, infiniplex_staircase_pillars_1,
          uniq_louise
Lair:1:   layout_loops_ring, grunt_megastairs_1
Lair:2:   layout_loops_ring, nicolae_shoals_entry_flooding, special_room
          [special_room_bee], st_stairs_11, lemuel_fruit_tree
Lair:3:   layout_cave_pods, minmay_snake_entry_guardpost_large,
          grunt_forest_stairs_basic, amcnicky_mini_pool_medium
Lair:4:   layout_loops_ring
Lair:5:   gammafunk_lair_ancient_temple, layout_loops_ring, slime_entry_1,
          minmay_lair_oklob_items
Orc:1:    layout_diamond_mine, ebering_ghost_disaster_area, serial_shops,
          nicolae_shop_drivethru, nicolae_shop_waterfront,
          nicolae_shop_just_a_little_nook, uniq_erica
Orc:2:    st_orc_rangers, layout_caves, nicolae_volcano_entry_hallway

Skill      XL: |  1  2  3  4  5  6  7  8  9 10 11 12 13 14 15 |
---------------+----------------------------------------------+-----
Stealth        | 1 2 4 5 |  5.0
Fighting       | 1 2 3 4 6 7 8 9 10 12 | 12.0
Dodging        | 3 4 6 7 10 11 14 | 14.1
Shapeshifting  | 5 6 7 10 | 10.0
Invocations    | 1 3 5 8 |  8.0
Ranged Weapons | 10 12 14 16 | 16.0
Evocations     | 5 |  5.0
Translocations | 3 6 |  6.0
Hexes          | 2 10 | 10.1
Unarmed Combat | |  2.4

Action                     |  1- 3 |  4- 6 |  7- 9 | 10-12 | 13-15 || total
---------------------------+-------+-------+-------+-------+-------++-------
  Melee: Unarmed           |    91 |       |       |       |       ||    91
   Fire: Sling             |    44 |   148 |   176 |       |       ||   368
         Orcbow            |       |       |    65 |   424 |  1267 ||  1756
  Throw: Stone             |     2 |       |       |       |       ||     2
         Dart              |       |       |       |     1 |       ||     1
 Invoke: Heroism           |       |       |     1 |    10 |     8 ||    19
         Finesse           |       |       |       |       |     1 ||     1
  Evoke: Wand              |       |       |    13 |       |     4 ||    17
         Condenser vane    |       |       |       |       |     1 ||     1
    Use: Scroll            |     4 |    11 |     1 |     5 |     9 ||    30
         Potion            |       |       |       |     1 |       ||     1
   Stab: Sleeping          |     3 |       |       |       |       ||     3
 Armour: Animal skin       |     7 |     3 |     5 |       |       ||    15
         Troll leather arm |       |       |     4 |       |       ||     4
         Acid dragon scale |       |       |     6 |    15 |    46 ||    67
         Robe              |       |       |       |       |     1 ||     1
  Dodge: Dodged            |    52 |    53 |   136 |   206 |   634 ||  1081
  Block: Buckler           |    14 |    11 |    25 |       |       ||    50

Table legend: (Time is in decaauts)
 A = Elapsed time spent in this place.
 B = Non-inter-level travel time spent in this place.
 C = Inter-level travel time spent in this place.
 D = Time resting spent in this place.
 E = Time spent auto-exploring this place.
 F = Levels seen in this place.
 G = Mean time per level.
                   A        B        C        D        E       F      G
               +--------+--------+--------+--------+--------+-----+--------+
         Total |  13168 |  12595 |    573 |    910 |   8265 |  25 |  526.7 |
       Dungeon |   7586 |   7242 |    344 |    314 |   5023 |  14 |  541.9 |
          Lair |   3019 |   2886 |    133 |     10 |   2231 |   5 |  603.8 |
  Orcish Mines |    887 |    792 |     95 |      0 |    513 |   2 |  443.5 |
         Sewer |    216 |    216 |      0 |      0 |    145 |   1 |  216.0 |
       Ossuary |    174 |    174 |      0 |      0 |     62 |   1 |  174.0 |
        Bailey |    852 |    852 |      0 |    389 |    206 |   1 |  852.0 |
      Gauntlet |    431 |    431 |      0 |    195 |     84 |   1 |  431.0 |
               +--------+--------+--------+--------+--------+-----+--------+

Top non-repeatable levels by time:
     D:9: 1301 daAuts
  Lair:5: 1000 daAuts
  Bailey: 852 daAuts
     D:6: 841 daAuts
    D:13: 771 daAuts
  Lair:2: 768 daAuts
     D:5: 707 daAuts
     D:8: 618 daAuts
  Lair:3: 563 daAuts
     D:4: 543 daAuts
     D:1: 527 daAuts
     D:7: 518 daAuts
    D:10: 513 daAuts
   Orc:2: 485 daAuts
  Lair:4: 435 daAuts
